AoeStats
← TKBXPT2214

Nomad

509236651Analyzed
4v4 RM · 7d ago on Sep 26, 2026· 43m 43s· 8 players
Game mode
Random Map
Map size
231×231
Population
200
Speed
Normal
Resources
Standard
Victory
Conquest
Starting age
Dark Age
Ending age
Imperial Age
RankedLock teamsTeams togetherTeam positionsShared explorationLock speedFull tech treeHidden civsTurbo modeCheats
Victory
Defeat
🇦🇷 Inca · Argentina
1113
+12
🇦🇷 Franks · Argentina
1104
+12
🇧🇷 Magyars · Brazil
1000
+17
🇧🇷 Spanish · Brazil
928
+20
🇺🇸 Varangians · United States
1061
-17
🇨🇳 Japanese · China
1050
-17
🇲🇽 Franks · Mexico
1017
-15
🇪🇸 Mongols · Spain
949
-12
flying ñonga
5:53 Loom
14:31 Feudal Age
16:03 Town Watch
21:29 Castle Age
21:47 Scale Barding Armor
22:50 Forging
23:08 Fletching
24:19 Stone Mining
34:16 Double-Bit Axe
36:41 Wheelbarrow
37:00 Gold Mining
DisresPeek
3:52 Loom
13:00 Feudal Age
14:16 Town Watch
17:42 Castle Age
16:03 Double-Bit Axe
16:41 Horse Collar
18:50 Bow Saw
21:02 Fletching
27:50 Wheelbarrow
27:40 Bodkin Arrow
29:23 Gold Mining
30:39 Gold Shaft Mining
30:27 Hand Cart
35:03 Imperial Age
32:31 Stone Mining
34:16 Stone Shaft Mining
34:45 Bloodlines
34:35 Husbandry
34:49 Padded Archer Armor
35:15 Ballistics
36:03 Leather Archer Armor
37:16 Chemistry
36:21 Bracer
36:31 Thumb Ring
36:52 Parthian Tactics
37:06 Heavy Plow
38:31 Scale Barding Armor
40:59 Light Cavalry
41:51 Forging
myMZ
16:07 Feudal Age
19:06 Double-Bit Axe
21:48 Gold Mining
27:24 Castle Age
28:19 Bow Saw
28:22 Medium Warships
30:24 Gold Shaft Mining
32:53 Imperial Age
31:56 Ballistics
34:56 Chemistry
34:29 Heavy Warships
34:43 Fletching
38:49 Wheelbarrow
39:17 Two-Man Saw
38:58 Bodkin Arrow
39:45 Hand Cart
Dillon
7:57 Loom
13:19 Feudal Age
19:06 Castle Age
19:00 Double-Bit Axe
18:58 Horse Collar
20:08 Fishing Lines
20:47 Gold Mining
25:14 Bow Saw
25:05 Gillnets
26:49 Forging
27:57 Scale Mail Armor
28:21 Squires
36:27 Imperial Age
34:34 Wheelbarrow
34:01 Heavy Plow
35:05 Gambesons
37:17 Hand Cart
36:46 Elite Varangian Guard
37:48 Conscription
38:44 Two-Man Saw
37:13 Gothikon
38:32 Chain Mail Armor
38:52 Iron Casting
41:02 Plate Mail Armor
41:33 Blast Furnace
AGOFEM
6:03 Loom
15:21 Feudal Age
21:30 Castle Age
20:17 Double-Bit Axe
21:13 Wheelbarrow
20:22 Horse Collar
27:02 Fletching
27:12 Padded Archer Armor
29:47 Caravan
41:17 Scale Barding Armor
TKBXPT2214
4:52 Loom
15:43 Feudal Age
17:02 Wheelbarrow
20:55 Castle Age
19:30 Scale Barding Armor
19:59 Gold Mining
20:32 Forging
22:29 Hand Cart
26:05 Husbandry
34:34 Double-Bit Axe
Fox_Killer
3:21 Loom
15:39 Feudal Age
17:25 Fishing Lines
23:25 Castle Age
21:46 Gold Mining
21:44 Double-Bit Axe
25:03 Gold Shaft Mining
25:34 Bow Saw
30:51 Imperial Age
30:48 Wheelbarrow
29:59 Town Watch
30:43 Ballistics
30:19 Fletching
31:43 Fervor
33:06 Parthian Tactics
32:50 Thumb Ring
33:26 Hand Cart
38:34 Conscription
39:55 Chemistry
41:46 Bodkin Arrow
41:51 Padded Archer Armor
QQ12346908
15:15 Feudal Age
17:37 Double-Bit Axe
21:33 Castle Age
19:26 Gold Mining
19:49 Horse Collar
20:11 Loom
20:39 Stone Mining
22:35 Heavy Plow
23:29 Fishing Lines
23:56 Crossbowman
25:01 Squires
25:05 Padded Archer Armor
24:56 Fletching
28:21 Imperial Age
26:50 Wheelbarrow
26:43 Bodkin Arrow
28:24 Ballistics
28:53 Leather Archer Armor
29:50 Conscription
31:06 Arbalester
33:34 Chemistry
32:51 Bow Saw
33:56 Gold Shaft Mining
33:58 Bracer
35:00 Ring Archer Armor
35:58 Hand Cart
35:55 Thumb Ring
37:29 Forging
37:19 Scale Mail Armor
37:53 Caravan
38:24 Coinage
39:43 Iron Casting
39:23 Chain Mail Armor
41:40 Banking
Connection lost

Rejoining the realm…

Still unreachable

The connection could not be restored.

Session expired

The server has moved on; the page needs a fresh start.